 Dungeon Crawl Stone Soup version 0.25.1-8-g42b30a86e7 (webtiles) character file.

Game seed: 5816477218235792935

26180 Destapler the Archer (level 12, -9/109 (110) HPs)
             Began as a Centaur Gladiator on Dec 18, 2020.
             Was an Elder of Nemelex Xobeh.
             Killed by divine providence
             ... invoked by an orc priest
              (10 damage)
             ... on level 1 of the Orcish Mines.
             The game lasted 01:53:18 (22366 turns).

Destapler the Archer (Centaur Gladiator)           Turns: 22366, Time: 01:53:18

HP:   -9/109 (110)  AC:  8    Str: 18    XL:     12   Next: 96%
MP:   20/20         EV: 11    Int:  3    God:    Nemelex Xobeh [****..]
Gold: 961           SH:  0    Dex: 15    Spells: 11/11 levels left

rFire    . . .     SeeInvis +   a - +1 dagger (venom)
rCold    . . .     Gourm    .   (no shield)
rNeg     . . .     Faith    .   R - +1 troll leather armour
rPois    .         Spirit   .   c - +0 helmet
rElec    .         Reflect  .   w - +0 cloak
rCorr    .         Harm     .   (no gloves)
MR       +....                  (no barding)
Stlth    +.........             (no amulet)
HPRegen  0.68/turn              h - ring of see invisible
MPRegen  0.17/turn              v - ring of protection from magic

@: lightly drained, very quick
A: large, hooves 3, deformed body, dopey 2, speed 2, tough skin 3
a: Draw Escape, Draw Destruction, Draw Summoning, Triple Draw, Deal Four,
Renounce Religion


You were on level 1 of the Orcish Mines.
You worshipped Nemelex Xobeh.
Nemelex Xobeh was greatly pleased with you.
You were not hungry.

You visited 3 branches of the dungeon, and saw 15 of its levels.
You also visited: Sewer.

You collected 961 gold pieces.

Inventory:

Hand Weapons
 a - a +1 dagger of venom (weapon)
 b - a +1 shortbow
 z - the cursed +1 dagger of Beumpet {vamp, +Inv MR+++ Int-4 Dex-3, unknown}
   (You found it on level 2 of the Lair of Beasts)

   It inflicts no extra harm, but heals its wielder when it wounds a living foe.
   It affects your intelligence (-4).
   It affects your dexterity (-3).
   It affects your resistance to hostile enchantments.
   It lets you turn invisible.
   It has a curse placed upon it.
 Q - a +1 dagger of draining
Missiles
 m - 30 poisoned darts
 q - 8 boomerangs
 y - a throwing net (quivered)
 H - 123 arrows
 K - 5 javelins
Armour
 c - a +0 helmet (worn)
 w - a +0 cloak (worn)
 M - a +0 buckler
 P - a +3 leather armour
 R - a +1 troll leather armour (worn)
Jewellery
 h - a ring of see invisible (left hand)
 r - a +6 ring of strength
 v - a ring of protection from magic (right hand)
 C - a +6 ring of intelligence
 O - an uncursed ring of fire
 S - an uncursed ring of protection from fire {unknown}
Wands
 E - a wand of iceblast (12)
 G - a wand of acid (12)
 L - a wand of flame (26)
 N - a wand of digging (1)
Scrolls
 e - 5 scrolls of remove curse
 i - 3 scrolls of fear
 j - 6 scrolls of teleportation
 k - 12 scrolls of identify
 l - a scroll of enchant weapon
 u - 4 scrolls of amnesia
 F - 2 scrolls of fog
 J - a scroll of magic mapping
 T - a scroll of holy word {unknown}
 V - a scroll of silence {unknown}
Potions
 d - 2 potions of mutation {unknown}
 g - 3 potions of might {unknown}
 n - 3 potions of invisibility
 o - 3 potions of stabbing
 p - 2 potions of lignification {unknown}
 s - 13 potions of curing
 t - 3 potions of brilliance {unknown}
 x - 5 potions of flight
 A - 5 potions of heal wounds
 B - 2 potions of cancellation {unknown}
 D - a potion of magic {unknown}
 I - 3 potions of berserk rage {unknown}
Comestibles
 f - 23 rations
 U - 11 chunks of flesh


   Skills:
 + Level 11.2(10.5) Fighting
 - Level 6.1(5.5) Short Blades
 + Level 13.5(12.8) Bows
 - Level 6.0(5.4) Throwing
 - Level 4.0(3.4) Armour
 - Level 4.0(3.4) Dodging
 - Level 4.0(3.4) Shields
 + Level 11.5(10.8) Invocations


You had 11 spell levels left.
You didn't know any spells.
Your spell library contained the following spells:

 Spells                   Type           Power        Failure   Level  Hunger
 Apportation              Tloc           #.....       58%         1    ##.....
 Sting                    Tmut/Pois      #...         58%         1    ##.....
 Summon Butterflies       Summ           #.......     58%         1    ##.....
 Poisonous Vapours        Pois/Air       #.....       73%         2    ###....
 Ignite Poison            Fire/Tmut/Pois #.......     91%         3    ####...
 Lesser Beckoning         Tloc           #.........   91%         3    ####...
 Mephitic Cloud           Conj/Pois/Air  #.......     91%         3    ####...
 Tukima's Dance           Hex            #.......     91%         3    ####...
 Olgreb's Toxic Radiance  Pois           #.......     100%        4    #####..
 Alistair's Intoxication  Tmut/Pois      #.......     100%        5    ######.
 Invisibility             Hex            #.......     100%        6    #######


Dungeon Overview and Level Annotations

Branches:
Dungeon (12/15)            Temple (0/1) D:6            Lair (2/6) D:8
  Snake (0/4) Lair:2          Orc (1/2) D:11          Sewer (visited)
  Swamp: Lair:2-4    Shoals: Lair:2-4

Altars:
Dithmenos
Gozag
Hepliaklqana
Makhleb
Nemelex Xobeh
Qazlal
Ru
Trog
Wu Jian
Beogh

Shops:
D:6 [

Annotations:
D:12 2 transporters, Lyfuifow's ghost, journeyman GrFi
Orc:1 Gastronok


Innate Abilities, Weirdness & Mutations

You have hooves in place of feet.
Armour fits poorly on your strangely shaped body.
You cover ground very quickly.
You have extremely tough skin. (AC +3)
You are very dopey. (Int -4)


Message History

The orc wizard moves out of view.
There is a staircase back to the Dungeon, spattered with blood here.
The sun demon closely misses you.
The orc warrior hits you with a +0 scimitar of flaming.
* * * LOW HITPOINT WARNING * * *
The orc warrior burns you.
* * * LOW HITPOINT WARNING * * *
Gastronok waves his eye-stalks in wide circles.
The air twists around and strikes you!!
* * * LOW HITPOINT WARNING * * *
The orc priest miscasts a cantrip.
The orc priest looks encouraged for a moment.
The sun demon hits you.
* * * LOW HITPOINT WARNING * * *
You are engulfed in flames!
* * * LOW HITPOINT WARNING * * *
The orc priest calls down the wrath of Beogh upon you.
Beogh smites you!
You die...
Your body glows slightly and disappears.

.............#$
.......... ....
.....$.........
.w.......#.....
.......o..o....
.......o.......
......3o.......
o.o.o§>@.....#
......o#.o.....
....... †......
....... .......
....... ..3.._.
§...... ....oo.
.$....# #......
...... #.#...


You could see Gastronok, a soul eater (summoned), a sun demon (summoned), an orc
sorcerer (drained), an orc warrior, 3 orc priests, 3 orc wizards and 3 orcs.

Vanquished Creatures
  2 hydras (D:12)
  Harold (D:7)
  2 two-headed ogres
  2 unseen horrors (D:10)
  An orc knight (D:11)
  A shining eye (D:11)
  An orb spider (Lair:2)
  An ugly thing (D:12)
  A cyclops (D:12)
  Joseph (D:10)
  Maurice (D:8)
  2 centaur zombies (D:12)
  2 black mambas
  5 elephants (Lair:2)
  A spiny frog (Lair:2)
  Maggie (Lair:2)
  A komodo dragon (D:11)
  A troll (D:12)
  A polar bear (Lair:1)
  A wind drake (Lair:2)
  A meliai (Lair:2)
  5 hippogriffs
  4 slime creatures
  A vampire (D:11)
  A spriggan (Lair:2)
  A wyvern (D:11)
  A basilisk (Lair:1)
  5 yaks
  A hungry ghost (D:12)
  A steam dragon (D:11)
  Menkaure (D:4)
  3 wargs (D:11)
  3 nagas
  6 water moccasins
  Duvessa (D:4)
  A soldier ant (D:11)
  4 porcupines
  A sky beast (D:6)
  A black bear (D:9)
  3 ice beasts
  10 orc warriors
  2 necrophages
  9 ogres
  A phantom (D:8)
  An eye of draining (D:11)
  4 centaurs
  9 crocodiles
  6 big kobolds
  9 bullfrogs
  A gnoll sergeant (D:8)
  A wyvern skeleton (D:12)
  2 scorpions
  11 killer bees
  3 howler monkeys
  14 wights
  5 crimson imps
  3 jellies
  2 quasits
  A bullfrog zombie (D:6)
  3 bullfrog skeletons
  7 hounds
  9 orc priests
  A gnoll shaman (D:8)
  4 iguanas
  20 orc wizards
  5 worker ants
  4 hound zombies
  2 hound skeletons (D:6)
  A worker ant zombie (D:7)
  A howler monkey zombie (D:9)
  15 gnolls
  11 adders
  4 shadow imps
  6 oozes
  2 adder skeletons
  A worm (D:5)
  7 dart slugs
  6 leopard geckos
  80 orcs
  6 ball pythons
  9 giant cockroaches
  13 goblins
  5 hobgoblins
  A jackal (D:9)
  3 quokkas
  14 bats
  9 frilled lizards
  26 kobolds
  2 leopard gecko zombies
  A quokka skeleton (D:4)
  9 rats
  A fungus (Lair:2)
456 creatures vanquished.

Vanquished Creatures (collateral kills)
  A hydra (Lair:2)
  2 trolls
  An orc warrior (D:11)
  A black bear (D:11)
5 creatures vanquished.

Vanquished Creatures (others)
  A spiny frog (Lair:1)
1 creature vanquished.

Grand Total: 462 creatures vanquished

Notes
Turn   | Place    | Note
-------+----------+-------------------------------------------
     0 | D:1      | Destapler the Centaur Gladiator began the quest for the
                  | Orb.
     0 | D:1      | Reached XP level 1. HP: 17/17 MP: 1/1
    28 | D:1      | Reached XP level 2. HP: 15/24 MP: 2/2
   428 | D:1      | Reached XP level 3. HP: 29/30 MP: 3/3
   900 | D:1      | Reached XP level 4. HP: 7/37 MP: 4/4
  1317 | D:2      | Found a sparkling altar of Nemelex Xobeh.
  1609 | D:2      | Reached XP level 5. HP: 24/45 MP: 5/5
  2403 | D:2      | Found a sparkling altar of Nemelex Xobeh.
  2407 | D:2      | Became a worshipper of Nemelex Xobeh the Trickster
  2509 | D:3      | Received a gift from Nemelex Xobeh
  2626 | D:3      | Reached XP level 6. HP: 43/52 MP: 6/6
  3133 | D:3      | Found a shadowy altar of Dithmenos.
  3133 | D:3      | Reached * piety under Nemelex Xobeh
  3411 | D:4      | Received a gift from Nemelex Xobeh
  3422 | D:4      | Noticed Dowan
  3423 | D:4      | Noticed Dowan
  3423 | D:4      | Dowan changed into Dowan the howler monkey
  3426 | D:4      | Noticed Duvessa
  3697 | D:4      | Noticed Menkaure
  3707 | D:4      | Killed Menkaure
  3827 | D:4      | Killed Duvessa
  3827 | D:4      | Reached XP level 7. HP: 50/60 MP: 7/7
  3830 | D:4      | Killed Dowan the howler monkey
  3958 | D:4      | Reached skill level 5 in Fighting
  3958 | D:4      | Reached skill level 5 in Short Blades
  4223 | D:4      | Received a gift from Nemelex Xobeh
  4302 | D:4      | Reached ** piety under Nemelex Xobeh
  4415 | D:4      | Found an opulent altar of Gozag.
  4954 | D:5      | Entered Level 5 of the Dungeon
  5185 | D:5      | Received a gift from Nemelex Xobeh
  5279 | D:5      | Found a stormy altar of Qazlal.
  5281 | D:5      | Noticed a fire elemental
  5282 | D:5      | Noticed a water elemental
  5282 | D:5      | Noticed an air elemental
  5303 | D:5      | Found a glowing drain.
  5314 | Sewer    | Entered a sewer
  5608 | Sewer    | Reached skill level 1 in Invocations
  5608 | Sewer    | Reached XP level 8. HP: 59/70 MP: 7/9
  5650 | Sewer    | Reached skill level 1 in Armour
  6656 | D:6      | Reached skill level 1 in Bows
  6899 | D:6      | Reached skill level 2 in Bows
  6938 | D:6      | Reached skill level 5 in Invocations
  6942 | D:6      | Found a hazy altar of Hepliaklqana.
  7007 | D:6      | Reached skill level 3 in Bows
  7077 | D:6      | Found a staircase to the Ecumenical Temple.
  7079 | D:6      | Reached *** piety under Nemelex Xobeh
  7212 | D:6      | Reached skill level 4 in Bows
  7212 | D:6      | Reached XP level 9. HP: 66/74 MP: 12/12
  7311 | D:6      | Found Gedesteb's Armour Shoppe.
  7543 | D:6      | Reached skill level 5 in Bows
  7683 | D:7      | Noticed Harold
  7741 | D:7      | Killed Harold
  7741 | D:7      | Reached skill level 6 in Bows
  8085 | D:7      | Found an ornate altar of the Wu Jian Council.
  8087 | D:7      | Received a gift from Nemelex Xobeh
  8617 | D:7      | Reached **** piety under Nemelex Xobeh
  8654 | D:7      | Received a gift from Nemelex Xobeh
  9383 | D:7      | Reached skill level 1 in Shields
  9657 | D:8      | Received a gift from Nemelex Xobeh
  9658 | D:8      | Noticed Maurice
  9682 | D:8      | Killed Maurice
  9766 | D:8      | Reached skill level 7 in Bows
  9766 | D:8      | Reached skill level 5 in Throwing
  9959 | D:8      | Reached XP level 10. HP: 64/83 MP: 14/14
 10548 | D:8      | Found a staircase to the Lair.
 10829 | D:8      | Received a gift from Nemelex Xobeh
 11409 | D:8      | Got a pair of distressingly furry boots
 11847 | D:9      | Found a burning altar of Makhleb.
 11956 | D:9      | Received a gift from Nemelex Xobeh
 12767 | D:9      | Found a sacrificial altar of Ru.
 12897 | D:9      | Received a gift from Nemelex Xobeh
 12907 | D:9      | Noticed a two-headed ogre
 12911 | D:9      | Killed a two-headed ogre
 12911 | D:9      | Reached skill level 8 in Bows
 13099 | D:10     | Entered Level 10 of the Dungeon
 13104 | D:10     | Noticed an unseen horror
 13121 | D:10     | Killed an unseen horror
 13788 | D:9      | Reached skill level 9 in Bows
 13867 | D:10     | Noticed an unseen horror
 13874 | D:10     | Killed an unseen horror
 13874 | D:10     | Reached XP level 11. HP: 53/93 MP: 16/16
 14409 | D:10     | Noticed a two-headed ogre
 14436 | D:10     | Killed a two-headed ogre
 14513 | D:10     | Noticed Joseph
 14534 | D:10     | Killed Joseph
 14866 | D:11     | Received a gift from Nemelex Xobeh
 15047 | D:11     | Found a staircase to the Orcish Mines.
 15373 | D:11     | Reached skill level 10 in Bows
 16254 | D:11     | Found a bloodstained altar of Trog.
 16584 | D:12     | Noticed a necromancer
 16584 | D:12     | Noticed a six-headed hydra
 16703 | D:12     | Noticed a flayed ghost
 16704 | D:12     | Found a transporter.
 17227 | D:12     | Found a transporter.
 17271 | D:12     | Noticed Lyfuifow's ghost (journeyman GrFi)
 17312 | D:11     | Reached skill level 11 in Bows
 17636 | D:12     | Received a gift from Nemelex Xobeh
 17678 | D:12     | Noticed a red ugly thing
 17712 | D:12     | Killed a red ugly thing
 17855 | D:12     | Noticed a five-headed hydra
 17892 | D:12     | Killed a five-headed hydra
 17989 | D:12     | Killed a six-headed hydra
 17989 | D:12     | Reached XP level 12. HP: 105/105 MP: 19/19
 18396 | Lair:1   | Entered Level 1 of the Lair of Beasts
 18658 | Lair:1   | Reached skill level 10 in Invocations
 18681 | Lair:1   | Reached skill level 10 in Fighting
 18690 | Lair:1   | Reached skill level 12 in Bows
 19344 | Lair:1   | Received a gift from Nemelex Xobeh
 19347 | Lair:1   | Reached ***** piety under Nemelex Xobeh
 19705 | Lair:2   | Found a staircase to the Snake Pit.
 20383 | Lair:2   | Reached skill level 13 in Bows
 20673 | Lair:2   | Received a gift from Nemelex Xobeh
 20717 | Lair:2   | Got a dazzling dagger
 20737 | Lair:2   | Noticed a seven-headed hydra
 20740 | Lair:2   | Killed a seven-headed hydra
 20913 | Lair:2   | Noticed Maggie
 20927 | Lair:2   | Killed Maggie
 21626 | Orc:1    | Entered Level 1 of the Orcish Mines
 21626 | Orc:1    | Found a roughly hewn altar of Beogh.
 21626 | Orc:1    | Noticed Gastronok
 22263 | Orc:1    | Noticed an orc high priest
 22342 | D:11     | an orc high priest changed into a shining eye
 22343 | D:11     | Gained mutation: You are dopey. (Int -2) [a shining eye]
 22349 | D:11     | Gained mutation: You are very dopey. (Int -4) [a shining
                  | eye]
 22366 | Orc:1    | HP: 1/109 [sun demon[an orc sorcerer] (14)]
 22366 | Orc:1    | Killed from afar by an orc priest

Illustrated notes

Levels and vault maps discovered:
D:1:      lightli_arrival_boilingwater, layout_rooms
D:2:      layout_loops_ring, lemuel_doored_altar, nemelex_diamond_rough_becter
D:3:      layout_basic, lemuel_crystal_altar, first_ration
D:4:      wad_river_or_something, layout_layer_cave, nicolae_gozag_seed_capital,
          uniq_menkaure, uniq_duvessa
D:5:      layout_basic, nicolae_qazlal_style_of_elements,
          cheibrodos_sewer_entry_bend
D:6:      layout_basic, overflow_temple_1_default, minmay_temple_entry_grid,
          serial_shops, nicolae_shop_temple_entry_statues_fountains
D:7:      layout_gridville, basic_altar, uniq_harold
D:8:      layout_layer_cave, dpeg_oklobed_lair, uniq_maurice
D:9:      layout_loops_ring, nicolae_ru_great_annihilating_truth,
          makhleb_heckhound_becter
D:10:     layout_rooms, uniq_joseph
D:11:     layout_loops_ring, minmay_orc_entry_guard_dogs, basic_altar,
          grunt_ogre_cave
D:12:     layout_roguey, gammafunk_ghost_mausoleum, serial_undead,
          serial_undead_d, serial_undead_e, serial_undead_c, serial_undead_c
Lair:1:   layout_roguey, cheibrodos_lair_reptile_den
Lair:2:   layout_regular_city, minmay_snake_entry_guardpost_small,
          grunt_forest_stairs_basic, uniq_maggie
Orc:1:    layout_caves, basic_altar, minmay_orc_barracks, uniq_gastronok

Skill      XL: |  1  2  3  4  5  6  7  8  9 10 11 12 |
---------------+-------------------------------------+-----
Short Blades   | 3 4 5 6 |  6.1
Throwing       | 3 4 5 6 |  6.0
Fighting       | 3 4 6 7 9 11 | 11.2
Dodging        | 3 4 |  4.0
Invocations    | 1 5 7 9 11 | 11.5
Armour         | 3 4 |  4.0
Bows           | 4 7 9 11 13 | 13.5
Shields        | 2 4 |  4.0

Action                   |  1- 3 |  4- 6 |  7- 9 | 10-12 || total
-------------------------+-------+-------+-------+-------++-------
Melee: Rapier            |    21 |       |       |       ||    21
       Kick              |    23 |    49 |   131 |   194 ||   397
       Dagger            |    53 |   157 |   348 |   462 ||  1020
 Fire: Shortbow          |       |       |     3 |   611 ||   614
Throw: Stone             |    13 |     4 |       |       ||    17
       Throwing net      |     1 |     2 |     3 |     3 ||     9
       Boomerang         |    14 |    38 |    68 |    13 ||   133
       Javelin           |     5 |     7 |    10 |    40 ||    62
       Dart              |       |       |    58 |   140 ||   198
Invok: Draw Destruction  |       |     4 |     8 |    25 ||    37
       Deal Four         |       |       |     1 |     6 ||     7
       Draw Summoning    |       |       |     1 |     2 ||     3
       Draw Escape       |       |       |     1 |     4 ||     5
Evoke: Wand              |       |       |     1 |     3 ||     4
  Use: Scroll            |       |       |    15 |     2 ||    17
 Stab: Held in net/web   |     1 |     1 |     1 |     2 ||     5
       Distracted        |       |       |       |     1 ||     1
  Eat: Chunk             |       |     7 |    16 |    32 ||    55
Armor: Leather armour    |    28 |    52 |     4 |    68 ||   152
       Ring mail         |       |       |   105 |    65 ||   170
       Troll leather arm |       |       |       |   119 ||   119
Dodge: Dodged            |    34 |    79 |   127 |   314 ||   554
Block: Buckler           |       |       |    13 |    14 ||    27
